 Dungeon Crawl Stone Soup version 0.31-a0-150-g89dc3ad700 (webtiles) character file.

Game seed: 2840636020765801927

223358 zazu2006 the Bludgeoner (level 19, -5/125 (135) HPs)
             Began as a Gnoll Wanderer on June 8, 2023.
             Was the Champion of Vehumet.
             Slain by a pharaoh ant (6 damage)
             ... on level 4 of the Spider Nest on June 9, 2023.
             The game lasted 03:00:17 (39761 turns).

zazu2006 the Bludgeoner (Gnoll Wanderer)           Turns: 39761, Time: 03:00:17

HP:   -5/125 (135)  AC: 27    Str: 17    XL:     19   Next: 26%
MP:   34/37         EV: 16    Int: 17    God:    Vehumet [******]
Gold: 2972          SH: 17    Dex: 14    Spells: 14/46 levels left

rFire   . . .        S - +3 flail (freeze)
rCold   + . .        l - +4 kite shield of the Big Bang {rCorr Slay+3}
rNeg    . . .        H - +0 swamp dragon scales
rPois   +            z - +1 helmet {Int+3}
rElec   +            B - +3 cloak of Ennui {rElec}
rCorr   +            h - +2 pair of gloves
SInv    +            P - +0 pair of boots "Tiycidush" {rC+ Regen+}
Will    +....        A - amulet of regeneration
Stlth   +++++        w - ring of see invisible
HPRegen 2.00/turn    q - +4 ring of protection
MPRegen 0.25/turn

%: no passive effects
@: on berserk cooldown, studying Maces & Flails, drained, unable to read
A: fangs 1, strong nose, distributed training, frail 1, strong 1, no potion heal
1, inability to read after injury 1
}: 1/15 runes: barnacled
a: Renounce Religion


You were on level 4 of the Spider Nest.
You worshipped Vehumet.
Vehumet was exalted by your worship.
You visited 6 branches of the dungeon, and saw 31 of its levels.
You visited the Abyss 1 time.
You also visited: Sewer, Gauntlet and Ice Cave.

You collected 3367 gold pieces.
You spent 395 gold pieces at shops.

Inventory:

Hand Weapons
 k - a +6 demon whip of electrocution
 J - the +4 scimitar of the Ghost {venom, *Rage rN++}
   (You bought it in a shop on level 7 of the Dungeon)

   rN:        It greatly protects you from negative energy.
   *Rage:     It berserks you when you make melee attacks (+20% chance).
 S - a +3 flail of freezing (weapon)
 U - a +3 scimitar of flaming
 V - the +4 trident "Xioliseu" {spect, rElec rCorr}
   (You found it on level 3 of the Shoals)

   rElec:     It insulates you from electricity.
   rCorr:     It protects you from acid and corrosion.
Missiles
 j - 11 silver javelins
 Q - a throwing net
Armour
 a - a +2 leather armour of fire resistance
 h - a +2 pair of gloves (worn)
 l - the +4 kite shield of the Big Bang (worn) {rCorr Slay+3}
   (You found it in a Gauntlet)

   Slay:      It affects your accuracy & damage with ranged weapons and melee
   (+3).
   rCorr:     It protects you from acid and corrosion.
 z - a +1 helmet of intelligence (worn)
 B - the +3 cloak of Ennui (worn) {rElec}
   (You acquired it on level 4 of the Shoals)

   rElec:     It insulates you from electricity.
 H - +0 swamp dragon scales (worn)
 P - the +0 pair of boots "Tiycidush" (worn) {rC+ Regen+}
   (You found it in a Gauntlet)

   rC:        It protects you from cold.
   Regen:     It increases your rate of health regeneration.
Jewellery
 i - a ring of flight
 m - the ring "Fiulut" {rElec EV+5 Dex+3}
   (You found it on level 4 of the Shoals)

   [ring of evasion]

   EV:        It affects your evasion (+5).
   Dex:       It affects your dexterity (+3).
   rElec:     It insulates you from electricity.
 p - a ring of protection from cold
 q - a +4 ring of protection (right hand)
 w - a ring of see invisible (left hand)
 A - an amulet of regeneration (around neck)
Wands
 e - a wand of quicksilver (7)
 g - a wand of roots (3)
 t - a wand of digging (30)
 C - a wand of flame (41)
 I - a wand of charming (1)
 Y - a wand of mindburst (30)
Scrolls
 c - 9 scrolls of fog
 d - 3 scrolls of noise
 n - 4 scrolls of teleportation
 o - 3 scrolls of identify
 r - 6 scrolls of poison
 x - 3 scrolls of magic mapping
 y - a scroll of silence
 F - 2 scrolls of enchant armour
 G - 2 scrolls of brand weapon
 L - 3 scrolls of amnesia
 M - 3 scrolls of vulnerability
 O - 2 scrolls of fear
 Z - a scroll of enchant weapon
Potions
 b - 2 potions of magic
 f - 5 potions of might
 s - 9 potions of brilliance
 u - 5 potions of cancellation
 v - 3 potions of enlightenment
 D - 3 potions of curing
 N - 3 potions of haste
 R - 7 potions of ambrosia
 T - 2 potions of lignification
 W - a potion of resistance
Miscellaneous
 E - a box of beasts


   Skills:
 + Level 13.4 Fighting
 + Level 13.4 Short Blades
 + Level 13.4 Long Blades
 + Level 13.4 Axes
 + Level 17.8 Maces & Flails
 + Level 13.4 Polearms
 + Level 13.4 Staves
 + Level 13.4 Ranged Weapons
 + Level 13.4 Throwing
 + Level 13.4 Armour
 + Level 13.6 Dodging
 + Level 13.4 Stealth
 + Level 14.8 Shields
 + Level 13.6 Unarmed Combat
 + Level 14.2 Spellcasting
 + Level 11.3 Conjurations
 + Level 11.3 Hexes
 + Level 11.3 Summonings
 + Level 11.3 Necromancy
 + Level 11.3 Translocations
 + Level 11.3 Transmutations
 + Level 11.3 Fire Magic
 + Level 12.5 Ice Magic
 + Level 11.3 Air Magic
 + Level 11.3 Earth Magic
 + Level 11.3 Poison Magic
 + Level 14.5 Invocations
 + Level 13.4 Evocations


You had 14 spell levels left.
You knew the following spells:

 Your Spells              Type           Power      Damage    Failure   Level
a - Magic Dart            Conj           100%       1d8       1%          1
b - Dazzling Flash        Conj/Hex       100%       N/A       1%          3
c - Freeze                Ice            100%       1d10      1%          1
d - Blink                 Tloc           100%       N/A       1%          2
f - Iskenderun's Mystic   Conj/Tloc      50%        2d11      1%          4
g - Flame Wave            Conj/Fire      50%        2d12      1%          4
h - Stone Arrow           Conj/Erth      100%       3d13      1%          3
i - Airstrike             Air            25%        2d(4-20)  1%          4
j - Lee's Rapid Deconstr  Erth           25%        3d14*     1%          5
k - Freezing Cloud        Conj/Ice/Air   25%        6-21      1%          5

Your spell library contained the following spells:

 Spells                   Type           Power      Damage    Failure   Level
 Maxwell's Capacitive Co  Air            25%        ∞         88%         8
 Chain Lightning          Conj/Air       25%        3d33      100%        9
 Fire Storm               Conj/Fire      25%        8d6       100%        9
 Apportation              Tloc           100%       N/A       1%          1
 Sandblast                Erth           100%       2d20      1%          1
 Lesser Beckoning         Tloc           100%       N/A       1%          2
 Momentum Strike          Conj/Tloc      100%       3d10      1%          2
 Passwall                 Tmut/Erth      41%        N/A       1%          2
 Sublimation of Blood     Necr           50%        N/A       1%          2
 Gell's Gravitas          Tloc           50%        N/A       1%          3
 Hailstorm                Conj/Ice       52%        3d12      1%          3
 Inner Flame              Hex/Fire       50%        N/A       1%          3
 Ozocubu's Armour         Ice            53%        N/A       1%          3
 Teleport Other           Tloc           50%        N/A       1%          3
 Tukima's Dance           Hex            50%        N/A       1%          3
 Volatile Blastmotes      Fire/Tloc      100%       2d18      1%          3
 Cause Fear               Hex            25%        N/A       1%          4
 Ice Form                 Ice/Tmut       52%        N/A       1%          4
 Leda's Liquefaction      Hex/Erth       25%        N/A       1%          4
 Manifold Assault         Tloc           50%        N/A       1%          4
 Passage of Golubria      Tloc           50%        N/A       1%          4
 Sticky Flame             Conj/Fire      50%        2d7       1%          4
 Fireball                 Conj/Fire      25%        3d11      1%          5
 Iskenderun's Battlesphe  Conj           50%        2d10      1%          5
 Yara's Violent Unravell  Hex/Tmut       25%        3d11      1%          5
 Alistair's Intoxication  Tmut/Pois      33%        N/A       3%          5
 Borgnjor's Vile Clutch   Necr/Erth      25%        N/A       3%          5
 Metabolic Englaciation   Hex/Ice        26%        N/A       3%          5
 Summon Forest            Summ/Tloc      25%        N/A       3%          5
 Conjure Ball Lightning   Conj/Air       25%        3x3d7     5%          6
 Eringya's Noxious Bog    Tmut/Pois      25%        N/A       5%          6
 Leda's Unmaking          Conj/Erth      25%        9d5       5%          6
 Starburst                Conj/Fire      25%        6d8       5%          6
 Simulacrum               Ice/Necr       26%        N/A       16%         6
 Ozocubu's Refrigeration  Ice            26%        4d13      17%         7
 Statue Form              Tmut/Erth      33%        N/A       21%         6
 Orb of Destruction       Conj           25%        9d9       28%         7
 Dragon Form              Tmut           25%        N/A       75%         7
 Malign Gateway           Summ/Tloc      25%        N/A       75%         7
 Summon Horrible Things   Summ           25%        N/A       100%        8
 Dragon's Call            Summ           25%        N/A       100%        9
 Polar Vortex             Ice            26%        N/A       100%        9


Dungeon Overview and Level Annotations

Branches:
Dungeon (15/15)            Temple (1/1) D:4            Lair (5/5) D:10
 Shoals (4/4) Lair:2       Spider (4/4) Lair:3        Slime (0/5) Lair:4
    Orc (2/2) D:12            Elf (0/3) Orc:2        Vaults (0/5) D:13
 Depths (0/4) D:15          Sewer (visited)           IceCv (visited)
Gauntlet (visited)

Altars:
Ashenzari
Cheibriados
Dithmenos
Elyvilon
Fedhas
Gozag
Hepliaklqana
Kikubaaqudgha
Makhleb
Nemelex Xobeh
Okawaru
Qazlal
Ru
Sif Muna
Trog
Uskayaw
Vehumet
Wu Jian
Xom
Yredelemnul
Zin
The Shining One

Shops:
D:5 !   D:7 (   D:10 *   D:12 =   Orc:1 *   Orc:2 [![:   Shoals:2 *
Shoals:4 *

Portals:
Trove: D:15 (give 4 scrolls of fear)

Annotations:
D:6 2 transporters, Starbright's ghost, novice OpTm
D:15 3 runed translucent doors, Bustrupp's ghost, journeyman DsMo; pokeman's ghost, journeyman DEHW
Lair:3 1 runed translucent door, Uroushin's ghost, journeyman GnEn
Shoals:4 6 transporters


Innate Abilities, Weirdness & Mutations

You have very sharp teeth.
Your uncanny sense of smell can sniff out nearby items.
Your experience applies equally to all skills.
You are frail. (-10% HP)
Your muscles are strong. (Str +4, Int/Dex -1)
Potions are less effective at restoring your health.
You occasionally lose the ability to read scrolls when taking damage.


Message History

Your system partially rejects the healing.
You feel better. The tarantella closely misses you.
You block the tarantella's attack. You block the pharaoh ant's attack.
The tarantella touches you!
* * * LOW HITPOINT WARNING * * *
You are confused.
The pharaoh ant completely misses you.
You're too confused to cast spells.
The tarantella closely misses you. The pharaoh ant bites you!!
* * * LOW HITPOINT WARNING * * *
The tarantella touches you but does no damage.
The pharaoh ant barely misses you.
Unknown command.
Your system partially rejects the healing.
You feel much better.
You feel less confused. The tarantella closely misses you.
The pharaoh ant misses you. The tarantella touches you.
* * * LOW HITPOINT WARNING * * *
You are confused.
The pharaoh ant bites you.
* * * LOW HITPOINT WARNING * * *
You feel drained.
Unknown command.
Unknown command.
Your system partially rejects the healing.
You feel better. You block the tarantella's attack. The pharaoh ant misses you.
The tarantella misses you. You block the pharaoh ant's attack.
Casting: Stone Arrow (safe; 1% risk of failure)
Confirm with . or Enter, or press ? or * to list all spells.
Casting: Dazzling Flash (safe; 1% risk of failure)
Press: ? - help, Dir - look around, f - activate The tarantella is dazzled.
You feel yourself speed up. You block the tarantella's attack.
You block the pharaoh ant's attack. You block the tarantella's attack.
The pharaoh ant bites you!!
You feel threatened and lose the ability to read scrolls!
* * * LOW HITPOINT WARNING * * *
You feel drained.
You die...

.. ..^# .. .##..## ...#..#...#
...#.#....## ##...#.^^..# ∆
#.....#....# ##....#..†.#
...##.(..### #....@...##
##..^#Bs.#^# #....#.....### .
########^##.###^...## #.
##^#^.#.^.#.^....^^..#######..
#^...##...#....#####..#~##..†.
###.^............^...#..^~.~..
#.....^##..^.#.............≈..
####......#....########...#.^#^.


You could see a pharaoh ant and a tarantella (blind).

Vanquished Creatures
  Mara (Spider:3)
  Arachne (Spider:3)
  A tentacled monstrosity (Shoals:3)
  An Ice Fiend (IceCv)
  A kraken (Shoals:3)
  Polyphemus (Shoals:4)
  Kirke (Lair:2)
  Roxanne (Spider:1)
  Louise (Shoals:1)
  A frost giant (Shoals:3)
  3 ghost moths (Spider:3)
  3 emperor scorpions
  5 slime creatures
  An orc warlord (D:12)
  A stone giant (Orc:2)
  2 spark wasps (Spider:3)
  A minotaur (Gauntlet)
  Snorg (Lair:5)
  A merfolk javelineer (Shoals:4)
  11 merfolk impalers
  4 entropy weavers
  A great orb of eyes (Shoals:3)
  Erica (Lair:1)
  5 vault guards (D:13)
  2 centaur warriors
  A jorogumo (Spider:1)
  2 ogre magi (Orc:2)
  A catoblepas (Shoals:4)
  10 two-headed ogres
  3 hydras
  4 alligator snapping turtles
  9 boulder beetles
  2 merfolk avatars
  3 radroaches
  2 satyrs
  3 ghost crabs (Lair:4)
  12 death yaks
  2 merfolk aquamancers (Shoals:4)
  A thrashing horror (Abyss:4)
  9 demonic crawlers
  Nergalle (Lair:2)
  2 soul eaters
  A storm dragon zombie (D:15)
  2 deep elf knights (D:13)
  5 fire crabs (Lair:4)
  6 skysharks
  4 pharaoh ants
  A skeletal warrior (D:15)
  6 orb spiders
  A death drake (shapeshifter) (D:13)
  7 sea snakes
  2 deep trolls (Orc:2)
  2 spriggan simulacra (IceCv)
  6 spectral wolf spiders (Spider:2)
  10 steelbarb worms
  A wizard (D:13)
  3 wolf spider zombies (Spider:2)
  A bog body (IceCv)
  2 orc knights
  A phantasmal warrior (D:15)
  A necromancer (D:15)
  18 harpies
  A salamander (shapeshifter) (Abyss:3)
  2 oklob plants (Lair:2)
  21 wolf spiders
  A fire giant zombie (D:15)
  11 ugly things
  19 manticores
  7 fauns
  A stone giant zombie (D:15)
  5 moths of wrath
  12 cyclopes
  7 black mambas
  8 merfolk sirens
  2 vault sentinels (D:13)
  2 ice statues
  6 elephants
  3 apocalypse crabs
  A smoke demon (Gauntlet)
  3 rust devils (D:13)
  A guardian serpent (Lair:4)
  15 cane toads
  2 orange demons (D:13)
  2 gargoyles
  A torpor snail (D:10)
  3 water nymphs
  Maggie (D:7)
  3 unseen horrors
  17 komodo dragons
  2 kobold demonologists (D:11)
  4 rime drakes
  8 freezing wraiths (IceCv)
  6 ice devils
  6 yaktaurs
  A guardian mummy (D:15)
  16 trolls
  2 tengu conjurers
  A queen bee (Lair:2)
  A tyrant leech (Gauntlet)
  19 merfolk
  3 meliai
  A hellwing (D:13)
  6 polar bears
  3 hornets
  Grinder (D:6)
  6 wind drakes
  3 wolf spider simulacra (Spider:2)
  A spriggan zombie (D:15)
  16 tarantellas
  13 blink frogs
  8 snapping turtles
  9 dream sheep
  A raiju (Abyss:4)
  A slime creature (shapeshifter) (D:15)
  7 jumping spiders
  17 culicivoras
  A shadow (D:11)
  2 ynoxinuls (D:13)
  A dire elephant simulacrum (IceCv)
  3 wraiths
  19 wyverns
  A spriggan (shapeshifter) (D:14)
  59 yaks
  2 water elementals
  4 hogs (Lair:2)
  4 basilisks
  2 neqoxecs (D:13)
  5 minotaur simulacra (IceCv)
  A steam dragon (Lair:2)
  30 redbacks
  3 wargs
  2 vampire mosquitoes
  2 harpy simulacra (IceCv)
  4 swamp worms (Gauntlet)
  3 acid dragons
  A hydra simulacrum (IceCv)
  23 water moccasins
  27 orc warriors
  A small abomination (Abyss:4)
  6 ice beasts
  A black bear (D:7)
  8 wolves
  22 ogres
  12 centaurs
  2 phantoms (D:5)
  3 kobold brigands
  A gnoll sergeant (D:9)
  5 scorpions
  6 bullfrogs
  5 deep troll simulacra (IceCv)
  11 wights
  2 lindwurm simulacra (IceCv)
  36 killer bees
  An electric eel (Spider:1)
  4 crimson imps (Gauntlet)
  A lava snake (D:7)
  13 orc priests
  3 hounds
  A gnoll bouda (D:10)
  Crazy Yiuf (D:7)
  11 jellies
  24 orc wizards
  4 iguanas
  A hell rat (Lair:4)
  11 gnolls
  7 adders
  4 river rats
  2 shadow imps (Gauntlet)
  6 white imps
  2 ufetubi
  2 worms
  52 orcs
  5 bats
  9 endoplasms
  6 giant cockroaches
  4 goblins
  13 hobgoblins
  11 jackals
  22 kobolds
  4 quokkas
  10 ball pythons
  5 frilled lizards
  8 rats
  A tentacle (Shoals:3)
1086 creatures vanquished.

Vanquished Creatures (others)
  A yaktaur (D:15)
  A black bear (Lair:3)
  An orc priest (D:5)
  A kobold (D:4)
  7 tentacles (Shoals:3)
11 creatures vanquished.

Grand Total: 1097 creatures vanquished

Notes
Turn   | Place    | Note
-------+----------+-------------------------------------------
     0 | D:1      | zazu2006 the Gnoll Wanderer began the quest for the Orb.
     0 | D:1      | zazu2006 set off with the following items: a +0 dagger, a
                  | +0 buckler, a scroll of fog, a +0 robe, a potion of
                  | attraction; and the following spell memorised: Freeze; and
                  | the following spells available to memorise: Hailstorm, Ice
                  | Form.
     0 | D:1      | Reached XP level 1. HP: 13/13 MP: 6/6
   200 | D:1      | Reached XP level 2. HP: 19/19 MP: 5/7
   544 | D:1      | Reached skill level 5 in Spellcasting
   544 | D:1      | Reached XP level 3. HP: 25/25 MP: 3/9
  1000 | D:2      | Reached skill level 1 in Invocations
  1220 | D:2      | Reached skill level 1 in Fighting
  1220 | D:2      | Reached skill level 1 in Short Blades
  1220 | D:2      | Reached skill level 1 in Long Blades
  1220 | D:2      | Reached skill level 1 in Axes
  1220 | D:2      | Reached skill level 1 in Maces & Flails
  1220 | D:2      | Reached skill level 1 in Polearms
  1220 | D:2      | Reached skill level 1 in Staves
  1220 | D:2      | Reached skill level 1 in Ranged Weapons
  1220 | D:2      | Reached skill level 1 in Throwing
  1220 | D:2      | Reached skill level 1 in Armour
  1220 | D:2      | Reached skill level 1 in Stealth
  1220 | D:2      | Reached skill level 1 in Evocations
  1398 | D:2      | Reached XP level 4. HP: 30/32 MP: 11/11
  1483 | D:2      | You fall into a shaft and drop 1 floor!
  1573 | D:3      | Found a hide-covered altar of Uskayaw.
  1607 | D:3      | Reached skill level 1 in Conjurations
  1607 | D:3      | Reached skill level 1 in Hexes
  1607 | D:3      | Reached skill level 1 in Summonings
  1607 | D:3      | Reached skill level 1 in Necromancy
  1607 | D:3      | Reached skill level 1 in Translocations
  1607 | D:3      | Reached skill level 1 in Transmutations
  1607 | D:3      | Reached skill level 1 in Fire Magic
  1607 | D:3      | Reached skill level 1 in Air Magic
  1607 | D:3      | Reached skill level 1 in Earth Magic
  1607 | D:3      | Reached skill level 1 in Poison Magic
  1611 | D:3      | Found a glowing drain.
  1620 | Sewer    | Entered a sewer
  1968 | D:3      | Reached XP level 5. HP: 36/36 MP: 12/12
  2415 | D:4      | Found a staircase to the Ecumenical Temple.
  2439 | Temple   | Entered the Ecumenical Temple
  2954 | D:4      | Reached skill level 2 in Maces & Flails
  2954 | D:4      | Reached XP level 6. HP: 44/44 MP: 14/14
  3020 | D:4      | Found a white marble altar of Elyvilon.
  3298 | D:5      | Entered Level 5 of the Dungeon
  3396 | D:5      | Found Vecolotu's Distillery.
  3399 | D:5      | Bought a potion of degeneration for 10 gold pieces
  3445 | D:5      | Reached XP level 7. HP: 50/50 MP: 15/15
  3788 | D:5      | Found a stormy altar of Qazlal.
  3794 | D:5      | Identified the +4 hand axe of Imutt {heavy, Int+3 Dex+3}
  3962 | D:6      | Noticed Grinder
  3970 | D:6      | Paralysed by Grinder for 2 turns
  3984 | D:6      | Reached skill level 3 in Maces & Flails
  3984 | D:6      | Reached XP level 8. HP: 27/58 MP: 16/16
  3998 | D:6      | Identified the +5 spear "Rausa" {venom, rC+ Str+2 Dex+3}
  3998 | D:6      | Identified the +3 scale mail of Hysteria {Dex+5}
  4012 | D:6      | Found a bloodstained altar of Trog.
  4021 | D:6      | Found a transporter.
  4023 | D:6      | Found a transporter.
  4030 | D:6      | Noticed Starbright's ghost (novice OpTm)
  4125 | D:6      | Paralysed by Grinder for 3 turns
  4131 | D:6      | Paralysed by Grinder for 5 turns
  4139 | D:6      | Killed Grinder
  4381 | D:6      | Learned a level 3 spell: Hailstorm
  5010 | D:6      | Reached skill level 4 in Maces & Flails
  5010 | D:6      | Reached XP level 9. HP: 65/65 MP: 18/18
  5280 | D:7      | Noticed Maggie
  5291 | D:7      | Killed Maggie
  5292 | D:7      | Reached skill level 5 in Dodging
  5292 | D:7      | Reached skill level 5 in Unarmed Combat
  5307 | D:7      | Got the Handbook of Transposition and Mud
  5602 | D:7      | Found a radiant altar of Vehumet.
  5612 | D:7      | Became a worshipper of Vehumet
  6065 | D:7      | Found a runed translucent door.
  6066 | D:7      | Noticed Crazy Yiuf
  6188 | D:7      | Found Bouci's Antique Weapon Shoppe.
  6192 | D:7      | Bought a warped scimitar for 189 gold pieces
  6192 | D:7      | Identified the +4 scimitar of the Ghost {venom, *Rage rN++}
                  | (You bought it in a shop on level 7 of the Dungeon)
  6245 | D:7      | Killed Crazy Yiuf
  6399 | D:8      | Reached skill level 5 in Invocations
  6403 | D:8      | Noticed a tengu warrior
  6560 | D:8      | Reached skill level 5 in Fighting
  6560 | D:8      | Reached skill level 5 in Short Blades
  6560 | D:8      | Reached skill level 5 in Long Blades
  6560 | D:8      | Reached skill level 5 in Axes
  6560 | D:8      | Reached skill level 5 in Maces & Flails
  6560 | D:8      | Reached skill level 5 in Polearms
  6560 | D:8      | Reached skill level 5 in Staves
  6560 | D:8      | Reached skill level 5 in Ranged Weapons
  6560 | D:8      | Reached skill level 5 in Throwing
  6560 | D:8      | Reached skill level 5 in Armour
  6560 | D:8      | Reached skill level 5 in Stealth
  6560 | D:8      | Reached skill level 5 in Evocations
  6560 | D:8      | Reached XP level 10. HP: 57/74 MP: 20/20
  6924 | D:8      | Found a burning altar of Makhleb.
  7415 | D:9      | Reached * piety under Vehumet
  7415 | D:9      | Offered knowledge of Magic Dart by Vehumet.
  7418 | D:9      | Learned a level 1 spell: Magic Dart
  7482 | D:9      | HP: 3/111 [orc priest/divine providence (13)]
  7708 | D:9      | Found a sparkling altar of Nemelex Xobeh.
  7797 | D:9      | Found a snail-covered altar of Cheibriados.
  7919 | D:9      | Reached skill level 6 in Maces & Flails
  8022 | D:10     | Entered Level 10 of the Dungeon
  8022 | D:10     | Noticed a two-headed ogre
  8119 | D:10     | Noticed a cyclops
  8161 | D:10     | Noticed an unseen horror
  8183 | D:10     | Killed a cyclops
  8184 | D:10     | Reached skill level 7 in Maces & Flails
  8184 | D:10     | Reached skill level 5 in Conjurations
  8184 | D:10     | Reached skill level 5 in Hexes
  8184 | D:10     | Reached skill level 5 in Summonings
  8184 | D:10     | Reached skill level 5 in Necromancy
  8184 | D:10     | Reached skill level 5 in Translocations
  8184 | D:10     | Reached skill level 5 in Transmutations
  8184 | D:10     | Reached skill level 5 in Fire Magic
  8184 | D:10     | Reached skill level 5 in Air Magic
  8184 | D:10     | Reached skill level 5 in Earth Magic
  8184 | D:10     | Reached skill level 5 in Poison Magic
  8184 | D:10     | Reached XP level 11. HP: 37/81 MP: 21/23
  8325 | D:10     | Killed a two-headed ogre
  8340 | D:10     | Offered knowledge of Foxfire by Vehumet.
  8344 | D:10     | Reached ** piety under Vehumet
  8609 | D:10     | Found Cacafoet's Fire Supplies.
  8723 | D:10     | Got Quotidian Sorcery
  8774 | D:10     | Learned a level 2 spell: Blink
  8891 | D:10     | Reached skill level 8 in Maces & Flails
  9004 | D:10     | Found a staircase to the Lair.
  9043 | D:10     | Offered knowledge of Scorch by Vehumet.
  9057 | D:10     | Learned a level 3 spell: Dazzling Flash
  9197 | Lair:1   | Entered Level 1 of the Lair of Beasts
  9465 | Lair:1   | Reached *** piety under Vehumet
  9560 | Lair:1   | Noticed Erica
  9593 | Lair:1   | Killed Erica
  9594 | Lair:1   | Reached XP level 12. HP: 60/91 MP: 24/24
  9828 | Lair:1   | Learned a level 4 spell: Iskenderun's Mystic Blast
  9882 | Lair:1   | Noticed a six-headed hydra
 10046 | Lair:1   | Reached skill level 9 in Maces & Flails
 10264 | Lair:1   | Killed a six-headed hydra
 10265 | Lair:1   | Reached skill level 10 in Shields
 10358 | Lair:1   | Offered knowledge of Ignite Poison by Vehumet.
 10603 | Lair:1   | Learned a level 4 spell: Flame Wave
 10736 | Lair:2   | Reached **** piety under Vehumet
 10818 | Lair:2   | Offered knowledge of Stone Arrow by Vehumet.
 10825 | Lair:2   | Reached skill level 10 in Maces & Flails
 10882 | Lair:2   | Noticed Nergalle
 10906 | Lair:2   | Killed Nergalle
 10914 | Lair:2   | Found a staircase to the Shoals.
 11049 | Lair:2   | Noticed a skyshark
 11076 | Lair:2   | Killed a skyshark
 11077 | Lair:2   | Reached XP level 13. HP: 57/98 MP: 13/26
 11306 | Lair:2   | Learned a level 3 spell: Stone Arrow
 11763 | Lair:2   | Reached ***** piety under Vehumet
 11839 | Lair:2   | Offered knowledge of Airstrike by Vehumet.
 11950 | Lair:2   | Identified the +1 leather armour of the Harvest {Fly rN+
                  | Str+2}
 12365 | Lair:3   | Noticed Kirke
 12517 | Lair:2   | Reached skill level 10 in Spellcasting
 12534 | Lair:2   | Learned a level 4 spell: Airstrike
 12600 | Lair:2   | Reached skill level 11 in Maces & Flails
 13021 | Lair:2   | Killed Kirke
 13241 | Lair:3   | Found a runed translucent door.
 13243 | Lair:3   | Noticed Uroushin's ghost (journeyman GnEn)
 13357 | Lair:3   | Found a hole to the Spider Nest.
 14181 | Lair:3   | Learned a level 5 spell: Lee's Rapid Deconstruction
 14205 | Lair:3   | Identified the +0 robe of Qazlal's Benevolence {Contam
                  | *Slow Int+8 SInv}
 14488 | Lair:4   | Found a staircase to the Slime Pits.
 15168 | Lair:4   | Reached skill level 10 in Invocations
 15168 | Lair:4   | Reached XP level 14. HP: 108/108 MP: 26/28
 15278 | Lair:4   | Found a runed translucent door.
 15310 | Lair:4   | Found a sparkling altar of Nemelex Xobeh.
 15663 | Lair:4   | HP: 2/108 [something (14)]
 15788 | Lair:4   | HP: 4/108 [entropy weaver (3)]
 15904 | Lair:4   | Reached skill level 12 in Maces & Flails
 16632 | Lair:5   | Entered Level 5 of the Lair of Beasts
 17143 | Lair:5   | Reached skill level 10 in Dodging
 17143 | Lair:5   | Reached skill level 10 in Unarmed Combat
 17480 | Lair:5   | Identified the +1 robe of Subjectivity {*Corrode rC+ Dex+2
                  | SInv}
 17565 | Lair:5   | Offered knowledge of Freezing Cloud by Vehumet.
 17573 | Lair:5   | Learned a level 5 spell: Freezing Cloud
 17720 | Lair:5   | HP: 3/109 [black mamba (9)]
 17741 | Lair:4   | HP: 5/109 [poisoned by a guardian serpent (bolt of poison)]
 18114 | Lair:4   | Reached skill level 10 in Ice Magic
 18340 | Lair:5   | Reached skill level 10 in Fighting
 18340 | Lair:5   | Reached skill level 10 in Short Blades
 18340 | Lair:5   | Reached skill level 10 in Long Blades
 18340 | Lair:5   | Reached skill level 10 in Axes
 18340 | Lair:5   | Reached skill level 10 in Polearms
 18340 | Lair:5   | Reached skill level 10 in Staves
 18340 | Lair:5   | Reached skill level 10 in Ranged Weapons
 18340 | Lair:5   | Reached skill level 10 in Throwing
 18340 | Lair:5   | Reached skill level 10 in Armour
 18340 | Lair:5   | Reached skill level 10 in Stealth
 18340 | Lair:5   | Reached skill level 10 in Evocations
 18373 | Lair:5   | Reached skill level 13 in Maces & Flails
 18509 | Lair:5   | Noticed Snorg
 18530 | Lair:5   | Killed Snorg
 18553 | Lair:5   | Reached XP level 15. HP: 98/115 MP: 10/30
 19251 | D:11     | Found a broken altar of Ashenzari.
 20285 | D:12     | Offered knowledge of Arcjolt by Vehumet.
 20293 | D:12     | Found a staircase to the Orcish Mines.
 20311 | D:12     | Found a gate leading to a gauntlet.
 20334 | Gauntlet | Entered a Gauntlet
 20334 | Gauntlet | Found a transporter.
 20334 | Gauntlet | Found a transporter.
 20387 | Gauntlet | Found a transporter.
 20406 | Gauntlet | Found a transporter.
 20406 | Gauntlet | Found a transporter.
 20409 | Gauntlet | Found a transporter.
 20409 | Gauntlet | Found a transporter.
 20409 | Gauntlet | Found a transporter.
 20432 | Gauntlet | Found a transporter.
 20439 | Gauntlet | Found a transporter.
 20443 | Gauntlet | Found a runed translucent door.
 20450 | Gauntlet | Found a transporter.
 20465 | Gauntlet | Found a transporter.
 20488 | Gauntlet | Found a transporter.
 20502 | Gauntlet | Found a transporter.
 20797 | Gauntlet | Identified the +0 pair of boots "Tiycidush" {rC+ Regen+}
 20798 | Gauntlet | Identified the +0 leather armour "Ysopum" {rF+ SInv}
 20967 | Gauntlet | Identified the +0 glaive "Mael Hus" {venom, Str+4}
 20970 | Gauntlet | Identified the +3 rapier "Osukkia" {heavy, Int+3 Dex+4}
 20973 | Gauntlet | Identified the +4 kite shield of the Big Bang {rCorr
                  | Slay+3}
 20982 | Gauntlet | Got the Volume of Orientation
 21503 | D:12     | Found Tihooteodgh's Jewellery Shoppe.
 21504 | D:12     | Identified the +1 leather armour of Miracles {+Inv rF+ rN+
                  | Int-3}
 21999 | Orc:1    | Entered Level 1 of the Orcish Mines
 21999 | Orc:1    | Found Ucerin's General Store.
 22004 | Orc:1    | Bought a potion of lignification for 39 gold pieces
 22004 | Orc:1    | Bought a scroll of amnesia for 52 gold pieces
 22060 | Orc:1    | Noticed an orc warlord
 22912 | Abyss:2  | Cast into level 2 of the Abyss (a wizard)
 22996 | Abyss:3  | Noticed an Executioner
 23030 | Abyss:3  | Found a corrupted altar of Lugonu.
 23052 | Abyss:3  | Noticed a daeva
 23060 | Abyss:3  | Noticed a tentacled starspawn
 23084 | Abyss:3  | Noticed a tentacled starspawn
 23098 | Abyss:3  | Noticed a tentacled starspawn
 23135 | Abyss:4  | Noticed a black draconian knight
 23181 | Abyss:4  | Noticed a tentacled starspawn
 23199 | D:13     | Escaped the Abyss
 23350 | D:13     | Found a gate to the Vaults.
 23373 | D:13     | Reached skill level 14 in Maces & Flails
 23717 | D:13     | Found the +18 shield of the Gong {Loud rN+ Will+ rCorr
                  | EV-5}
 23802 | D:13     | Gained mutation: You are clumsy. (Dex -2) [a neqoxec]
 24246 | Lair:1   | Lost mutation: You are clumsy. (Dex -2) [potion of
                  | mutation]
 24246 | Lair:1   | Gained mutation: Your spells are a little easier to cast,
                  | but a little less powerful. [potion of mutation]
 24247 | Lair:1   | Lost mutation: Your spells are a little easier to cast, but
                  | a little less powerful. [potion of mutation]
 24247 | Lair:1   | Gained mutation: You occasionally lose the ability to drink
                  | potions when taking damage. [potion of mutation]
 24247 | Lair:1   | Gained mutation: You expend magic power (3 MP) to
                  | strengthen your wands. [potion of mutation]
 24248 | Lair:1   | Lost mutation: You occasionally lose the ability to drink
                  | potions when taking damage. [potion of mutation]
 24248 | Lair:1   | Lost mutation: You expend magic power (3 MP) to strengthen
                  | your wands. [potion of mutation]
 24248 | Lair:1   | Gained mutation: Your muscles are strong. (Str +4, Int/Dex
                  | -1) [potion of mutation]
 24248 | Lair:1   | Gained mutation: You have hidden genetic defects. [potion
                  | of mutation]
 24284 | D:10     | Offered knowledge of Plasma Beam by Vehumet.
 24472 | D:12     | Killed an orc warlord
 24799 | Orc:2    | Entered Level 2 of the Orcish Mines
 24855 | Orc:2    | Found Lell's Distillery.
 24954 | Orc:1    | Reached XP level 16. HP: 122/124 MP: 32/32
 25386 | Orc:2    | Found Puwel's Book Shoppe.
 25388 | Orc:2    | Found Arphaw's Antique Armour Emporium.
 25456 | Orc:1    | Gained mutation: You are vulnerable to heat. (rF-) [hidden
                  | defects]
 25463 | Orc:1    | Lost mutation: You are vulnerable to heat. (rF-) [potion of
                  | mutation]
 25463 | Orc:1    | Lost mutation: Your muscles are strong. (Str +4, Int/Dex
                  | -1) [potion of mutation]
 25463 | Orc:1    | Gained mutation: Your muscles are strong. (Str +4, Int/Dex
                  | -1) [potion of mutation]
 25625 | Orc:2    | Found a staircase to the Elven Halls.
 25626 | Orc:2    | Found Qefecvoa's Armour Boutique.
 25639 | Orc:2    | Bought a potion of heal wounds for 65 gold pieces
 26379 | D:14     | Gained mutation: You occasionally lose the ability to read
                  | scrolls when taking damage. [hidden defects]
 26379 | D:14     | Lost mutation: You have hidden genetic defects. [hidden
                  | defects expressed]
 26892 | D:15     | Entered Level 15 of the Dungeon
 26976 | D:15     | Found a runed translucent gate.
 26976 | D:15     | Found a runed translucent gate.
 26976 | D:15     | Found a runed translucent gate.
 26980 | D:15     | Found an ancient bone altar of Kikubaaqudgha.
 26980 | D:15     | Noticed a lich
 26980 | D:15     | Noticed a lich
 26980 | D:15     | Noticed Bustrupp's ghost (journeyman DsMo)
 26980 | D:15     | Noticed a lich
 26981 | D:15     | Noticed pokeman's ghost (journeyman DEHW)
 27167 | D:15     | Identified the +8 hand axe of Canete Ituss {drain, Int+2
                  | Stlth+}
 27188 | D:15     | Found a portal to a secret trove of treasure.
 27381 | D:15     | Reached skill level 15 in Maces & Flails
 27529 | D:15     | Found a staircase to the Depths.
 27570 | D:15     | Offered knowledge of Irradiate by Vehumet.
 27968 | Shoals:1 | Entered Level 1 of the Shoals
 27987 | Shoals:1 | Noticed Louise
 28012 | Shoals:1 | Killed Louise
 28317 | Shoals:1 | Reached ****** piety under Vehumet
 29045 | Shoals:2 | Found Faph's Fabulous Fripperies.
 29251 | Shoals:2 | Found the +3 warlock's mirror {omnireflect}
 29490 | Shoals:2 | Reached XP level 17. HP: 115/133 MP: 22/33
 29566 | Shoals:2 | Reached skill level 10 in Conjurations
 29566 | Shoals:2 | Reached skill level 10 in Hexes
 29566 | Shoals:2 | Reached skill level 10 in Summonings
 29566 | Shoals:2 | Reached skill level 10 in Necromancy
 29566 | Shoals:2 | Reached skill level 10 in Translocations
 29566 | Shoals:2 | Reached skill level 10 in Transmutations
 29566 | Shoals:2 | Reached skill level 10 in Fire Magic
 29566 | Shoals:2 | Reached skill level 10 in Air Magic
 29566 | Shoals:2 | Reached skill level 10 in Earth Magic
 29566 | Shoals:2 | Reached skill level 10 in Poison Magic
 30291 | Shoals:3 | Identified the +4 trident "Xioliseu" {spect, rElec rCorr}
 30432 | Shoals:3 | Noticed a kraken
 30454 | Shoals:3 | Killed a kraken
 30499 | Shoals:3 | Offered knowledge of Ozocubu's Refrigeration by Vehumet.
 30580 | Shoals:3 | Identified the ring "Tecveb" {rF- rN+ Dex+3}
 30814 | Shoals:3 | Identified the +3 scale mail of Wonkis {Int+3 Slay+3}
 31081 | Shoals:3 | Noticed a tentacled monstrosity
 31102 | Shoals:3 | Reached skill level 16 in Maces & Flails
 31220 | Shoals:3 | Killed a tentacled monstrosity
 31232 | Shoals:3 | Got the Tome of Mad Ravings
 31456 | Shoals:4 | Entered Level 4 of the Shoals
 31457 | Shoals:4 | Found a transporter.
 31458 | Shoals:4 | Found Juocuir's Specific Store.
 31459 | Shoals:4 | Found Caih's General Store.
 31460 | Shoals:4 | Found a transporter.
 31498 | Shoals:4 | Noticed Polyphemus
 31587 | Shoals:4 | Killed Polyphemus
 31786 | Shoals:4 | Bought a scroll of identify for 40 gold pieces
 31792 | Shoals:4 | Identified a scroll of acquirement
 31794 | Shoals:4 | Acquired the +3 cloak of Ennui {rElec}
 32071 | Shoals:4 | Found a transporter.
 32073 | Shoals:4 | Found a transporter.
 32521 | Shoals:4 | Identified the ring "Fiulut" {rElec EV+5 Dex+3}
 32872 | Shoals:4 | Found a transporter.
 32876 | Shoals:4 | Found a transporter.
 33281 | Shoals:4 | Identified the +7 dagger "Voohytsag" {freeze, Contam rElec
                  | Int+5}
 33404 | Shoals:4 | Identified the +5 broad axe of Exchange {freeze, rElec}
 33555 | Shoals:4 | Got a barnacled rune of Zot
 33722 | Spider:1 | Entered Level 1 of the Spider Nest
 33744 | Spider:1 | Reached XP level 18. HP: 114/141 MP: 29/35
 33857 | Spider:1 | Found a frozen archway.
 33864 | Spider:1 | Offered knowledge of Ignition by Vehumet.
 33873 | IceCv    | Entered an ice cave
 34224 | IceCv    | Noticed an Ice Fiend
 34661 | IceCv    | Killed an Ice Fiend
 35135 | Spider:1 | Gained mutation: Potions are less effective at restoring
                  | your health. [mutagenic glow]
 35155 | Spider:1 | Gained mutation: You are frail. (-10% HP) [mutagenic glow]
 35237 | Spider:1 | Noticed Roxanne
 35633 | Spider:1 | Reached skill level 17 in Maces & Flails
 35910 | Spider:1 | Killed Roxanne
 36212 | Spider:2 | Offered knowledge of Fire Storm by Vehumet.
 36212 | Spider:2 | Offered knowledge of Chain Lightning by Vehumet.
 36212 | Spider:2 | Offered knowledge of Maxwell's Capacitive Coupling by
                  | Vehumet.
 38086 | Spider:3 | Noticed Mara
 38109 | Spider:3 | Noticed zazu2006's illusion
 38123 | Spider:3 | Killed Mara
 38709 | Spider:3 | Noticed Arachne
 38724 | Spider:3 | Killed Arachne
 38725 | Spider:3 | Reached XP level 19. HP: 88/134 MP: 11/37
 38911 | Spider:4 | Entered Level 4 of the Spider Nest
 39761 | Spider:4 | HP: 1/131 [pharaoh ant (30)]
 39761 | Spider:4 | Slain by a pharaoh ant

Illustrated notes

Levels and vault maps discovered:
D:1:      ebering_hopf_link, layout_loops_cross
D:2:      layout_basic, kennysheep_decorative_pillar, st_stairs_10, minivault_25
D:3:      layout_loops_ring, marbit_many_paths, portal_sewer_entry_b,
          solitary_fountain
D:4:      minmay_chambers_of_fours, layout_rooms, elyvilon_altar_4,
          temple_pool_b, serial_glass, glass_columns_b, glass_columns_c,
          kennysheep_generic_room_6
D:5:      layout_basic, nicolae_qazlal_scattered_showers, serial_shops,
          nicolae_shop_hallway_stairs, uniq_duvessa, uniq_edmund
D:6:      layout_layer_cave, bloody_trog, gammafunk_ghost_gnarly_gnolls,
          grunt_ministairs_6, uniq_grinder
D:7:      layout_basic, vehumet_altar_wand_db, serial_shops,
          nicolae_shop_back_alley_shop, kennysheep_opposing_triangles,
          uniq_crazy_yiuf_cottage, uniq_maggie
D:8:      layout_loops_corners, mainiacjoe_overflow_boulevard,
          minmay_manual_mail
D:9:      nicolae_whirlpool, layout_cave_pools, chei_slow_surprise,
          nemelex_spade_bored_becter
D:10:     layout_roguey, grunt_lair_entry_orc_guard_hut, nicolae_shop_fire_sale
          [nicolae_sub_dead_trees], grunt_potential
D:11:     layout_loops_ring, evilmike_ruin_ashenzari
D:12:     layout_roguey, erik_orc_4, gauntlet_entry_generic, serial_shops,
          nicolae_shop_trees, st_stairs_8
D:13:     layout_stronghold, grunt_vaults_entry_fortified, serial_demonic,
          serial_demonic_f, serial_demonic_b, serial_demonic_a,
          serial_demonic_c, hellmonk_guarded_unrand_gong
D:14:     layout_loops_cross, chequers_serial_rivers_small_b, minivault_21
D:15:     gammafunk_depths_entry_grave, layout_basic,
          nicolae_trove_entry_crystal, gammafunk_ghost_crypt,
          kennysheep_doodads, minivault_16
Temple:   eino_temple_water
Lair:1:   layout_cellular_growth, minmay_holes, beast_lair_carwin_5,
          lemuel_fruit_fields, uniq_erica
Lair:2:   regret_index_harrowing_hell_hive, layout_regular_city,
          minmay_shoals_entry_centaurs, serial_bayou_shore_a,
          grunt_megastairs_5, uniq_nergalle
Lair:3:   layout_chaotic_city, spider_nest_entry_webs, gammafunk_ghost_grave,
          minivault_11, ice2_lemuel, uniq_kirke
Lair:4:   gammafunk_mikee_crab_dinner, layout_regular_city,
          nicolae_slime_entry_slimehenge, basic_altar, serial_bayou_shore_b,
          grunt_megastairs_3
Lair:5:   hangedman_lair_tendril_chambers, layout_loops_ring, uniq_snorg
Shoals:1: layout_shoals, uniq_louise
Shoals:2: cheibrodos_shoals_roost, layout_shoals, nicolae_alphabet_shops,
          nicolae_shoals_loop_pool
Shoals:3: dreamdust_from_the_deep, layout_shoals
Shoals:4: shoals_end_grunt_ice, layout_shoals, nicolae_shoals_circle_sea_wall,
          nicolae_specific_store, serial_nicolae_subway,
          nicolae_sub_station_metal, nicolae_sub_station_crystal,
          nicolae_sub_station_stone, uniq_polyphemus
Spider:1: layout_spider_delve, portal_ice_cave_entry_ice_statue_one,
          nicolae_spider_rock_and_or_roll, uniq_roxanne
Spider:2: layout_chambers, nicolae_spider_undead_wolf_pack
Spider:3: layout_spider_delve, uniq_mara, uniq_arachne
Spider:4: grunt_spider_rune_circles
Orc:1:    layout_diamond_mine, serial_shops, nicolae_shop_stone
Orc:2:    st_orc_open, layout_diamond_mine

Skill      XL: |  1  2  3  4  5  6  7  8  9 10 11 12 13 14 15 16 17 18 |
---------------+-------------------------------------------------------+-----
Spellcasting   | 5 6 7 8 9 10 11 12 13 14 | 14.2
Invocations    | 1 2 3 4 5 6 7 8 10 11 12 13 14 | 14.5
Fighting       | 1 2 3 4 5 6 7 8 9 10 11 12 13 | 13.4
Short Blades   | 1 2 3 4 5 6 7 8 9 10 11 12 13 | 13.4
Long Blades    | 1 2 3 4 5 6 7 8 9 10 11 12 13 | 13.4
Axes           | 1 2 3 4 5 6 7 8 9 10 11 12 13 | 13.4
Maces & Flails | 1 2 3 4 5 7 8 10 11 13 14 15 16 17 | 17.8
Polearms       | 1 2 3 4 5 6 7 8 9 10 11 12 13 | 13.4
Staves         | 1 2 3 4 5 6 7 8 9 10 11 12 13 | 13.4
Ranged Weapons | 1 2 3 4 5 6 7 8 9 10 11 12 13 | 13.4
Throwing       | 1 2 3 4 5 6 7 8 9 10 11 12 13 | 13.4
Armour         | 1 2 3 4 5 6 7 8 9 10 11 12 13 | 13.4
Stealth        | 1 2 3 4 5 6 7 8 9 10 11 12 13 | 13.4
Evocations     | 1 2 3 4 5 6 7 8 9 10 11 12 13 | 13.4
Conjurations   | 1 2 3 4 5 6 7 8 9 10 11 | 11.3
Hexes          | 1 2 3 4 5 6 7 8 9 10 11 | 11.3
Summonings     | 1 2 3 4 5 6 7 8 9 10 11 | 11.3
Necromancy     | 1 2 3 4 5 6 7 8 9 10 11 | 11.3
Translocations | 1 2 3 4 5 6 7 8 9 10 11 | 11.3
Transmutations | 1 2 3 4 5 6 7 8 9 10 11 | 11.3
Fire Magic     | 1 2 3 4 5 6 7 8 9 10 11 | 11.3
Air Magic      | 1 2 3 4 5 6 7 8 9 10 11 | 11.3
Earth Magic    | 1 2 3 4 5 6 7 8 9 10 11 | 11.3
Poison Magic   | 1 2 3 4 5 6 7 8 9 10 11 | 11.3
Dodging        | 3 4 5 6 7 8 9 10 11 12 13 | 13.6
Unarmed Combat | 3 4 5 6 7 8 9 10 11 12 13 | 13.6
Shields        | 7 8 9 10 11 12 13 14 | 14.8
Ice Magic      | 6 7 8 9 10 11 12 | 12.5

Action                     |  1- 3 |  4- 6 |  7- 9 | 10-12 | 13-15 | 16-18 | 19-21 || total
---------------------------+-------+-------+-------+-------+-------+-------+-------++-------
  Melee: Dagger            |    44 |       |       |       |       |       |       ||    44
         Bite              |     6 |       |    32 |   119 |   340 |   419 |    38 ||   954
         Hand axe          |       |       |   194 |   390 |       |       |       ||   584
         Flail             |       |       |       |   418 |  2068 |  2033 |   290 ||  4809
         Unarmed           |       |       |       |       |       |   122 |       ||   122
   Fire: Sling             |    14 |   205 |    40 |       |       |       |       ||   259
  Throw: Javelin           |     4 |       |       |       |       |       |       ||     4
   Cast: Freeze            |    65 |     7 |    50 |     6 |       |       |       ||   128
         Hailstorm         |       |       |    11 |    14 |       |       |       ||    25
         Flame Wave        |       |       |       |    15 |     3 |    24 |     1 ||    43
         Iskenderun's Myst |       |       |       |     4 |    12 |     4 |     1 ||    21
         Dazzling Flash    |       |       |       |     3 |    99 |    63 |     3 ||   168
         Magic Dart        |       |       |       |     1 |       |     3 |       ||     4
         Stone Arrow       |       |       |       |       |   254 |   360 |    40 ||   654
         Lee's Rapid Decon |       |       |       |       |     9 |    12 |       ||    21
         Airstrike         |       |       |       |       |     7 |     3 |       ||    10
         Freezing Cloud    |       |       |       |       |     3 |    31 |       ||    34
  Evoke: Wand              |       |       |     5 |     5 |     5 |     2 |       ||    17
    Use: Potion            |     1 |       |       |     6 |    10 |    10 |     4 ||    31
         Scroll            |       |       |     2 |     7 |    14 |     9 |     2 ||    34
   Stab: Sleeping          |     2 |       |     3 |     4 |    14 |    20 |     1 ||    44
         Distracted        |       |       |     1 |     1 |     1 |       |       ||     3
         Invisible         |       |       |       |       |    52 |    26 |     3 ||    81
         Petrified         |       |       |       |       |     1 |     8 |       ||     9
         Petrifying        |       |       |       |       |       |     4 |       ||     4
 Armour: Robe              |    23 |    34 |    64 |       |       |       |       ||   121
         Swamp dragon scal |       |       |    76 |   423 |  1055 |   849 |   145 ||  2548
  Dodge: Dodged            |    66 |    70 |   189 |   617 |  1457 |   994 |   212 ||  3605
  Block: Buckler           |    26 |    39 |    88 |   327 |   651 |       |       ||  1131
         Kite shield       |       |       |       |       |   393 |  1890 |   313 ||  2596

Table legend: (Time is in decaauts)
 A = Elapsed time spent in this place.
 B = Non-inter-level travel time spent in this place.
 C = Inter-level travel time spent in this place.
 D = Time resting spent in this place.
 E = Time spent auto-exploring this place.
 F = Levels seen in this place.
 G = Mean time per level.
                   A        B        C        D        E       F      G
               +--------+--------+--------+--------+--------+-----+--------+
         Total |  39626 |  37560 |   2066 |   2061 |  21151 |  38 | 1042.8 |
       Dungeon |  15171 |  13959 |   1212 |    382 |   9053 |  15 | 1011.4 |
        Temple |    272 |    270 |      2 |      0 |    213 |   1 |  272.0 |
          Lair |  10223 |   9665 |    558 |   1215 |   4704 |   5 | 2044.6 |
        Shoals |   5550 |   5367 |    183 |    165 |   3191 |   4 | 1387.5 |
   Spider Nest |   4768 |   4724 |     44 |    138 |   2826 |   4 | 1192.0 |
  Orcish Mines |   1516 |   1452 |     64 |     21 |    754 |   2 |  758.0 |
         Abyss |    284 |    284 |      0 |      0 |      0 |   4 |   71.0 |
         Sewer |    301 |    301 |      0 |      2 |     75 |   1 |  301.0 |
      Ice Cave |    872 |    872 |      0 |     38 |    216 |   1 |  872.0 |
      Gauntlet |    664 |    664 |      0 |    100 |    117 |   1 |  664.0 |
               +--------+--------+--------+--------+--------+-----+--------+

Top non-repeatable levels by time:
  Lair:4: 2530 daAuts
  Lair:2: 2463 daAuts
Shoals:4: 1944 daAuts
  Lair:5: 1933 daAuts
    D:13: 1745 daAuts
Spider:3: 1733 daAuts
  Lair:3: 1660 daAuts
  Lair:1: 1636 daAuts
Shoals:3: 1560 daAuts
     D:6: 1442 daAuts
    D:10: 1437 daAuts
Spider:2: 1303 daAuts
Spider:1: 1203 daAuts
    D:11: 1161 daAuts
     D:7: 1114 daAuts
